 Seeded DCSS version 0.30.0 (webtiles) character file.

Game seed: 20230504 (custom seed)

448 Kazon the Trooper (level 7, -4/36 HPs)
             Began as a Vine Stalker Fighter on May 5, 2023.
             Was a Believer of Elyvilon.
             Slain by Edmund
             ... wielding a +4 flail of protection
              (8 damage)
             ... on level 4 of the Dungeon.
             The game lasted 00:16:43 (2821 turns).

Kazon the Trooper (Vine Stalker Fighter)            Turns: 2821, Time: 00:16:43

Health: -4/36      AC:  6    Str: 25    XL:     7   Next: 3%
Magic:  0/9        EV: 11    Int: 10    God:    Elyvilon [**....]
Gold:   126        SH:  5    Dex: 15    Spells: 6/6 levels left

rFire   . . .        q - +1 whip (venom)
rCold   . . .        i - orb {mayhem}
rNeg    . . .        l - +1 leather armour of the Original Sin {rElec Will- Str+6 Dex-2}
rPois   .            z - +0 helmet
rElec   +            (no cloak)
rCorr   .            b - +0 pair of gloves
SInv    .            (no boots)
Will    .....        y - amulet of reflection
Stlth   +            D - ring "Byrro" {Wiz Dex+4}
HPRegen 1.06/turn    (no ring)
MPRegen 0.11/turn

%: mayhem, reflection, guardian spirit, wizardry (x1)
@: no status effects
A: fangs 2, regeneration 1, magic shield, antimagic bite, no potion heal 2
a: Renounce Religion, Purification, Heal Other


You were on level 4 of the Dungeon.
You worshipped Elyvilon.
Elyvilon was pleased with you.
You visited 1 branch of the dungeon, and saw 4 of its levels.

You collected 126 gold pieces.

Inventory:

Hand Weapons
 a - a +0 rapier
 o - a +0 dagger of venom
 q - a +1 whip of venom (weapon)
 w - the +3 sling of the Special Yaks {elec, rElec rN+ Dex+3 Stlth-}
   (You found it on level 3 of the Dungeon)

   Dex:       It affects your dexterity (+3).
   rElec:     It insulates you from electricity.
   rN:        It protects you from negative energy.
   Stlth:     It makes you less stealthy.
Missiles
 e - 10 stones (quivered)
 r - 12 poisoned darts
Armour
 b - a +0 pair of gloves (worn)
 c - a +0 buckler
 i - an orb of mayhem (worn)
 l - the +1 leather armour of the Original Sin (worn) {rElec Will- Str+6 Dex-2}
   (You found it on level 2 of the Dungeon)

   Str:       It affects your strength (+6).
   Dex:       It affects your dexterity (-2).
   rElec:     It insulates you from electricity.
   Will:      It decreases your willpower.
 z - a +0 helmet (worn)
Jewellery
 y - an amulet of reflection (around neck)
 D - the ring "Byrro" (left hand) {Wiz Dex+4}
   (You found it on level 4 of the Dungeon)

   [ring of wizardry]

   It improves your spell success rate.
   Dex:       It affects your dexterity (+4).
Wands
 A - a wand of paralysis (6)
Scrolls
 f - 3 scrolls of magic mapping {unknown}
 g - 2 scrolls of teleportation {unknown}
 n - 2 scrolls of noise {unknown}
 p - 2 scrolls of immolation {unknown}
 s - a scroll of vulnerability {unknown}
 t - 3 scrolls of identify {unknown}
 u - a scroll of fear {unknown}
 E - a scroll of acquirement {unknown}
 F - a scroll of fog {unknown}
 G - a scroll of amnesia {unknown}
Potions
 d - 2 potions of might
 h - 2 potions of degeneration {unknown}
 j - 2 potions of flight {unknown}
 k - a potion of brilliance {unknown}
 m - 2 potions of attraction {unknown}
 v - a potion of invisibility {unknown}
 x - a potion of heal wounds {unknown}
 B - a potion of mutation {unknown}
 C - 2 potions of curing


   Skills:
 + Level 3.5 Fighting
 + Level 2.4 Short Blades
 + Level 2.1 Maces & Flails
 + Level 1.2 Ranged Weapons
 * Level 2.2 Throwing
 + Level 3.2 Armour
 + Level 0.8 Dodging
 + Level 0.4 Stealth
 + Level 3.2 Shields
 * Level 2.1 Invocations
 * Level 0.9 Evocations


You had 6 spell levels left.
You didn't know any spells.
Your spell library contained the following spells:

 Spells                   Type           Power      Damage    Failure   Level
 Necrotise                Necr           0%         1d4       16%         1
 Vampiric Draining        Necr           0%         2d6       43%         3
 Volatile Blastmotes      Fire/Tloc      0%         2d10      43%         3
 Fulminant Prism          Conj/Hex       0%         3d5       82%         4
 Iskenderun's Mystic Bla  Conj/Tloc      0%         2d3       82%         4
 Agony                    Necr           0%         N/A       98%         5
 Lee's Rapid Deconstruct  Erth           0%         3d4*      98%         5


Dungeon Overview and Level Annotations

Branches:
Dungeon (4/15)             Temple (0/1) D:4

Altars:
Elyvilon
Makhleb
Qazlal
Sif Muna
Vehumet
The Shining One

Shops:
D:3 :

Annotations:
D:3 1 runed translucent door, Crazy Yiuf
D:4 Edmund


Innate Abilities, Weirdness & Mutations

You have extremely sharp teeth.
Your natural rate of healing is unusually fast.
When hurt, damage is shared between your health and your magic reserves.
Your bite disrupts and absorbs the magic of your enemies.
Potions cannot restore your health.


Message History

Edmund is lightly wounded.
You block Edmund's attack.
You hit Edmund but do no damage.
Edmund looks as sick as possible!
Edmund is moderately wounded.
Edmund hits you with a +4 flail of protection!
You hit Edmund but do no damage.
Edmund looks as sick as possible!
Edmund is moderately wounded.
Edmund closely misses you.
You hit Edmund.
Edmund looks as sick as possible!
Your bite misses Edmund.
Edmund is moderately wounded.
Edmund hits you with a +4 flail of protection.
You hit Edmund but do no damage. Your bite misses Edmund.
Edmund is heavily wounded.
Edmund hits you with a +4 flail of protection!
You hit Edmund but do no damage.
Edmund looks as sick as possible!
You bite Edmund, but do no damage.
Edmund is heavily wounded.
Edmund barely misses you.
You closely miss Edmund. You bite Edmund, but do no damage.
Edmund is severely wounded.
You block Edmund's attack.
You hit Edmund but do no damage.
Edmund is severely wounded.
Edmund misses you.
You barely miss Edmund. You bite Edmund, but do no damage.
Edmund is severely wounded.
Edmund hits you with a +4 flail of protection!
* * * LOW HITPOINT WARNING * * *
You barely miss Edmund.
Edmund is almost dead.
Edmund hits you with a +4 flail of protection!
* * * LOW HITPOINT WARNING * * *
You hit Edmund but do no damage.
Edmund looks as sick as possible!
You bite Edmund. You drain his power.
You feel invigorated.
Edmund is almost dead.
You block Edmund's attack.
You hit Edmund but do no damage.
Edmund looks as sick as possible!
Edmund is almost dead.
Edmund hits you with a +4 flail of protection!
You die...

### #.$ .# #... .# ..#
.# ... .# # ###.#
.##.# .... ...
###)######)#
#....†..@@.# #
#.#.############## #.
#.#.# #.........# .
#.#.####.######.##
####.#.#........####.#
.....#.######.#).....#
#..........########
#.#.######## #.#.#


You could see Edmund (extremely poisoned).

Vanquished Creatures
  Menkaure (D:4)
  A scorpion (D:4)
  Jessica (D:2)
  Ijyb (D:3)
  An orc wizard (D:3)
  Robin (D:3)
  2 gnolls (D:4)
  3 adders
  2 dart slugs
  7 orcs
  7 ball pythons
  6 endoplasms
  3 giant cockroaches
  16 goblins
  4 hobgoblins
  4 jackals (D:2)
  A quokka (D:2)
  A bat (D:3)
  A frilled lizard (D:1)
  8 kobolds
  4 rats
75 creatures vanquished.

Vanquished Creatures (collateral kills)
  A gnoll bouda (D:4)
  2 gnolls (D:4)
3 creatures vanquished.

Vanquished Creatures (others)
  An orc (D:3)
  A goblin (D:3)
2 creatures vanquished.

Grand Total: 80 creatures vanquished

Notes
Turn   | Place    | Note
-------+----------+-------------------------------------------
     0 | D:1      | Kazon the Vine Stalker Fighter began the quest for the Orb.
     0 | D:1      | Reached XP level 1. HP: 11/11 MP: 2/2
    48 | D:1      | Reached XP level 2. HP: 15/16 MP: 1/3
  1029 | D:2      | Reached XP level 3. HP: 18/20 MP: 2/4
  1106 | D:2      | Identified the +1 leather armour of the Original Sin {rElec
                  | Will- Str+6 Dex-2}
  1350 | D:2      | Found a faded altar of an unknown god.
  1359 | D:2      | Prayed at the altar of an unknown god.
  1359 | D:2      | Became a worshipper of Elyvilon the Healer
  1359 | D:2      | Reached * piety under Elyvilon
  1525 | D:2      | Noticed Jessica
  1534 | D:2      | Killed Jessica
  1535 | D:2      | Gained mutation: Your natural rate of healing is unusually
                  | fast. [Vine Stalker growth]
  1535 | D:2      | Reached XP level 4. HP: 24/24 MP: 5/5
  1659 | D:3      | Reached ** piety under Elyvilon
  1854 | D:3      | Reached skill level 1 in Throwing
  1854 | D:3      | Reached skill level 1 in Invocations
  1867 | D:3      | Found a burning altar of Makhleb.
  1867 | D:3      | Found a stormy altar of Qazlal.
  1867 | D:3      | Found a glowing golden altar of the Shining One.
  1867 | D:3      | Found a shimmering blue altar of Sif Muna.
  1879 | D:3      | Reached XP level 5. HP: 28/28 MP: 6/6
  1914 | D:3      | Identified the +3 sling of the Special Yaks {elec, rElec
                  | rN+ Dex+3 Stlth-}
  1931 | D:3      | Found a runed translucent door.
  1932 | D:3      | Noticed Crazy Yiuf
  2022 | D:3      | Found Dojafiss's Vocational Training.
  2101 | D:3      | Found a radiant altar of Vehumet.
  2171 | D:3      | Noticed Robin
  2173 | D:3      | Killed Robin
  2198 | D:3      | Noticed Ijyb
  2200 | D:3      | Paralysed by Ijyb for 5 turns
  2209 | D:3      | Paralysed by Ijyb for 2 turns
  2211 | D:3      | Killed Ijyb
  2424 | D:4      | Identified the ring "Byrro" {Wiz Dex+4}
  2503 | D:4      | Reached skill level 1 in Maces & Flails
  2508 | D:4      | Reached XP level 6. HP: 32/32 MP: 6/8
  2582 | D:4      | Found a staircase to the Ecumenical Temple.
  2614 | D:4      | Noticed Menkaure
  2619 | D:4      | Killed Menkaure
  2620 | D:4      | Reached skill level 1 in Ranged Weapons
  2793 | D:4      | Reached XP level 7. HP: 31/36 MP: 9/9
  2799 | D:4      | Noticed Edmund
  2821 | D:4      | Slain by Edmund

Illustrated notes

Levels and vault maps discovered:
D:1:      sevenhm_arrival_forest_fort_small_6, layout_basic
D:2:      layout_basic, hellmonk_ecumenical_altar_prayer_group,
          kennysheep_jessica_study
D:3:      layout_basic, chequers_temple_overflow_statue_of_worship,
          mainiacjoe_overflow_small_starburst, nicolae_shop_vocational,
          uniq_crazy_yiuf_cottage, uniq_robin, uniq_ijyb
D:4:      layout_basic, minmay_temple_entry_butterflies, serial_rivers,
          chequers_serial_rivers_marsh, chequers_serial_rivers_large_a,
          chequers_serial_rivers_room_b, chequers_serial_rivers_room_a,
          chequers_serial_rivers_micro_a, chequers_serial_rivers_small_b,
          uniq_menkaure, uniq_edmund

Skill      XL: |  1  2  3  4  5  6 |
---------------+-------------------+-----
Fighting       | 3 |  3.5
Short Blades   | 2 |  2.4
Shields        | 3 |  3.2
Armour         | 3 |  3.2
Throwing       | 1 2 |  2.2
Invocations    | 1 2 |  2.1
Maces & Flails | 1 2 |  2.1
Ranged Weapons | 1 |  1.2
Dodging        | |  0.8
Stealth        | |  0.4
Evocations     | |  0.9

Action                     |  1- 3 |  4- 6 |  7- 9 || total
---------------------------+-------+-------+-------++-------
  Melee: Rapier            |    42 |     2 |       ||    44
         Bite              |    20 |    19 |     7 ||    46
         Whip              |    31 |    78 |    20 ||   129
         Dagger            |     5 |     5 |       ||    10
   Fire: Sling             |       |    20 |     1 ||    21
  Throw: Stone             |    10 |    18 |       ||    28
         Dart              |     5 |       |       ||     5
 Armour: Scale mail        |    13 |       |       ||    13
         Leather armour    |    10 |    24 |       ||    34
  Dodge: Dodged            |    25 |    36 |     5 ||    66
  Block: Buckler           |    14 |       |       ||    14
         Orb               |       |    10 |     4 ||    14
